 Dungeon Crawl Stone Soup version 0.19.0-9-gfd783f2 (webtiles) character file.

287500 Grim the Fencer (level 19, -1/181 HPs)
             Began as a Minotaur Fighter on Nov 7, 2016.
             Was a High Priest of Cheibriados.
             Slain by a sphinx (8 damage)
             ... while paralysed by a sphinx
             ... on level 2 of the Depths.
             The game lasted 02:08:19 (32067 turns).

Grim the Fencer (Minotaur Fighter)                 Turns: 32067, Time: 02:08:20

Health: -1/181     AC: 39    Str: 33    XL:     19   Next: 86%
Magic:  31/31      EV:  2    Int: 24    God:    Cheibriados [*****.]
Gold:   2774       SH:  0    Dex: 35    Spells: 1 memorised, 16 levels left

rFire  + + .     SeeInvis .     R - +5 great sword (protect)
rCold  + . .     Gourm    .     i - +9 gold dragon scales
rNeg   . . .     Faith    .     (shield currently unavailable)
rPois  +         Spirit   .     (helmet unavailable)
rElec  .         Reflect  .     b - +2 cloak
rCorr  .         Harm     .     g - +2 pair of gloves
MR     +....                    E - +1 pair of boots of Niawn {*Corrode Regen+ Int+7}
Stlth  ..........               x - amulet of regeneration
                                D - ring of protection from fire
                                o - ring of Recklessness {Dex+5 Stlth+}

@: confused, paralysed, lethally poisoned (-1 -> -1), very slow
A: retaliatory headbutt, horns 3
a: Bend Time, Temporal Distortion, Slouch, Step From Time, Renounce Religion
}: 2/15 runes: barnacled, gossamer


You were on level 2 of the Depths.
You worshipped Cheibriados.
Cheibriados was extremely pleased with you.
You were not hungry.

You visited 7 branches of the dungeon, and saw 34 of its levels.
You also visited: Sewer, Ossuary and Volcano.

You collected 3254 gold pieces.
You spent 480 gold pieces at shops.

Inventory:

Hand Weapons
 R - a +5 great sword of protection (weapon)
Missiles
 a - 22 silver javelins
 F - 7 throwing nets
 T - 22 tomahawks (quivered)
Armour
 b - a +2 cloak (worn)
 g - a +2 pair of gloves (worn)
 i - +9 gold dragon scales (worn)
 E - the +1 pair of boots of Niawn (worn) {*Corrode Regen+ Int+7}
   (You found it on level 6 of the Dungeon)

   It affects your intelligence (+7).
   It increases your rate of regeneration.
   It may corrode you when you take damage.
Jewellery
 o - the ring of Recklessness (left hand) {Dex+5 Stlth+}
   (You bought it in a shop on level 4 of the Dungeon)

   [ring of dexterity]

   It affects your dexterity (+5).
   It makes you more stealthy.
 x - an amulet of regeneration (around neck)
 B - an uncursed ring of flight
 D - a ring of protection from fire (right hand)
 U - an uncursed ring of protection from fire
 X - an uncursed ring of protection from cold
Wands
 m - a wand of iceblast (8/15)
 H - a wand of lightning (11/15)
 O - a wand of disintegration (5/24)
Scrolls
 c - 2 scrolls of recharging
 k - 4 scrolls of magic mapping
 l - a scroll of enchant armour
 n - 4 scrolls of enchant weapon
 q - 3 scrolls of fog
 s - 14 scrolls of remove curse
 u - 5 scrolls of fear
 w - 3 scrolls of identify
 y - 4 scrolls of amnesia
 I - a scroll of vulnerability
 L - 2 scrolls of silence
Potions
 d - 5 potions of might
 e - 9 potions of curing
 j - 7 potions of brilliance
 p - 8 potions of flight
 r - 4 potions of invisibility
 v - a potion of cancellation
 G - 3 potions of mutation
 M - 2 potions of resistance
 P - 3 potions of ambrosia
 Q - 2 potions of cure mutation
 S - 3 potions of agility
Books
 t - a book of Ice

   Spells                             Type                      Level
   a - Ice Form                       Ice/Transmutation            4
   b - Metabolic Englaciation         Hexes/Ice                    5
   c - Ozocubu's Refrigeration        Ice                          6
   d - Bolt of Cold                   Conjuration/Ice              6
   e - Freezing Cloud                 Conjuration/Ice/Air          6
   f - Simulacrum                     Ice/Necromancy               6
 A - the Grimoire of Darkness
   (You found it on level 1 of the Depths)

   Spells                             Type                      Level
   a - Control Undead                 Necromancy                   4
   b - Excruciating Wounds            Charms/Necromancy            5
   c - Bolt of Draining               Conjuration/Necromancy       5
   d - Dispel Undead                  Necromancy                   5
   e - Simulacrum                     Ice/Necromancy               6
 V - a book of Air

   Spells                             Type                      Level
   a - Shock                          Conjuration/Air              1
   b - Swiftness                      Charms/Air                   2
   c - Repel Missiles                 Charms/Air                   2
   d - Static Discharge               Conjuration/Air              3
   e - Lightning Bolt                 Conjuration/Air              5
 Z - the Catalogue of Attacks
   (You found it on level 6 of the Lair of Beasts)

   Spells                             Type                      Level
   a - Sting                          Conjuration/Poison           1
   b - Searing Ray                    Conjuration                  2
   c - Dazzling Spray                 Conjuration/Hexes            3
   d - Force Lance                    Conjuration/Translocation    4
   e - Bolt of Draining               Conjuration/Necromancy       5
   f - Irradiate                      Conjuration/Transmutation    5
Miscellaneous
 W - a phantom mirror
Comestibles
 f - 16 bread rations
 h - 18 meat rations
 z - 10 fruits
 C - 8 beef jerkies
 N - 12 slices of pizza


   Skills:
 * Level 18.8 Fighting
 - Level 20.0 Long Blades
 - Level 15.4 Armour
 - Level 15.6 Dodging
   Level 3.6 Shields
 + Level 18.9 Invocations


You had 16 spell levels left.
You knew the following spells:

 Your Spells              Type           Power        Failure   Level  Hunger
a - Repel Missiles        Chrm/Air       #.....       100%        2    ###....


Dungeon Overview and Level Annotations

Branches:
Dungeon (15/15) Temple (1/1) D:6 Lair (6/6) D:10 Shoals (4/4) Lair:3 Spider (4/4) Lair:3 Slime (0/5) Lair:5 Orc (2/2) D:10 Elf (0/3) Orc:2 Vaults (0/5) D:12 D:13 Depths (2/5) D:15

Altars:
Cheibriados
Dithmenos
Elyvilon
Gozag
Kikubaaqudgha
Makhleb
Nemelex Xobeh
Okawaru
Qazlal
Ru
Sif Muna
Uskayaw
Vehumet
Xom
Yredelemnul
The Shining One
Beogh

Shops:
D:4 *   D:7 ?   D:8 :   D:12 [   D:13 %?:   D:14 [   Orc:2 ((!   Depths:1 (

Portals:
Hell: Depths:1


Innate Abilities, Weirdness & Mutations

You reflexively headbutt those who attack you in melee.
You have a pair of large horns on your head.


Message History

You hear a grinding noise.
The cyan ugly thing barely misses you.
The ettin hits you but does no damage. x2
The sphinx mumbles some strange words.
You are confused.
The cyan ugly thing bites you! The cyan ugly thing shocks you!
The ettin hits you with a dire flail! The ettin hits you but does no damage.
The ettin hits you with a great mace. The ettin hits you but does no damage.
The red ugly thing basks in the mutagenic energy from its kin and changes!
The cyan ugly thing basks in the mutagenic energy from its kin and changes!
You feel sick. The ettin hits you with a dire flail!!
* * * LOW HITPOINT WARNING * * *
The ettin hits you with a dire flail!!
* * * LOW HITPOINT WARNING * * *
The ettin hits you but does no damage. The ettin hits you with a dire flail!!
* * * LOW HITPOINT WARNING * * *
The sphinx barely misses you.
The sphinx hits you but does no damage. x2
You hear a horrible gurgling sound!
The sphinx hits you!
You die...

#.........# .. .(....p
)#.#... .....# ...... #
..... .... .# ....#
#eu# .####...## ####uu#
##
..##....#.$#..#uC#..#
..#........#....@...#
..........###...HC.##
.#...###......###......
......#.....†..#
.......
)..#..#..#..#.(#
.#...#.
##.#######).#### ##.⌠.#
...#..#..#..#..# ).#
......#..(.†...# ...
)....###.()..†##


You could see a red very ugly thing, a sphinx, a deep elf annihilator, 3 ugly
things and 2 ettins.

Vanquished Creatures
  A golden dragon (D:15)
  A bone dragon (D:15)
  The ghost of vogonpoet the Bludgeoner, an adept OgHu of Okawaru (Spider:4)
  A lich (Depths:1)
  2 titans (Depths:2)
  3 sphinxes (Depths:2)
  Gastronok (D:11)
  Kirke (Lair:6)
  2 krakens (Shoals:3)
  Ilsuiw (Shoals:4)
  Donald (Shoals:3)
  A storm dragon (Depths:2)
  The ghost of AAAAA the Warrior, an adept OpWr of Ashenzari (Shoals:4)
  The ghost of octopushugs the Peltast, a journeyman MiFi of the Shining One (Spider:3)
  A tengu reaver (Depths:2)
  2 frost giants (Depths:1)
  2 ghost moths (Spider:4)
  A fire giant (Depths:2)
  Aizul (D:15)
  9 emperor scorpions
  A caustic shrike skeleton (Depths:1)
  A juggernaut skeleton (Depths:1)
  6 very ugly things
  2 entropy weavers
  2 stone giants (Depths:1)
  3 spark wasps
  2 merfolk javelineers
  Snorg (Orc:2)
  2 ettins (Depths:1)
  8 merfolk impalers
  A yaktaur captain (D:15)
  Josephine (D:15)
  4 fire dragons
  Erolcha (D:10)
  2 rakshasas
  The ghost of Leibowitz the Slicer, a journeyman KoBe of Trog (Lair:2)
  Harold (Lair:1)
  6 merfolk avatars
  A catoblepas (D:14)
  6 ice dragons
  3 ghost crabs
  A hydra (shapeshifter) (Depths:2)
  12 hydras
  An alligator snapping turtle (Shoals:4)
  8 centaur warriors
  A satyr (Shoals:4)
  2 merfolk aquamancers (Shoals:4)
  3 ogre magi
  A tengu warrior (D:15)
  3 deep troll earth magi
  10 death yaks
  A vampire mage (Depths:1)
  An orc high priest (Orc:1)
  A spriggan berserker (Depths:2)
  6 hell knights (Depths:2)
  Nergalle (Lair:2)
  2 unseen horrors
  A kraken simulacrum (Shoals:4)
  A glowing orange brain (Depths:1)
  10 deep trolls
  14 sea snakes
  6 lindwurms
  6 hill giants
  2 wizards
  4 orc knights
  27 harpies
  23 wolf spiders
  A necromancer (Depths:2)
  16 orb spiders
  31 ugly things
  2 orc sorcerers
  17 manticores
  11 fauns
  3 oklob plants
  A shadow dragon skeleton (Depths:1)
  5 cyclopes
  20 elephants
  2 moths of wrath (Spider:4)
  8 black mambas
  A guardian serpent (Lair:6)
  Maurice (D:9)
  2 molten gargoyles (Volcano)
  17 sirens
  8 water nymphs
  2 torpor snails
  A naga mage (Depths:1)
  A small abomination (Depths:1)
  A titan simulacrum (Depths:1)
  Joseph (D:10)
  13 spiny frogs
  18 demonic crawlers
  7 komodo dragons
  6 yaktaurs
  A tengu conjurer (D:15)
  33 merfolk
  3 polar bears
  7 wind drakes
  2 trolls (Orc:2)
  Prince Ribbit (D:5)
  32 jumping spiders
  A hornet (shapeshifter) (Depths:2)
  Grinder (D:6)
  11 two-headed ogres
  7 hornets
  A sphinx simulacrum (Depths:1)
  13 snapping turtles
  9 slime creatures
  A meliai zombie (D:13)
  12 blink frogs
  12 hippogriffs
  7 dream sheep (Shoals:3)
  89 redbacks
  26 tarantellas
  7 wraiths
  2 spriggans
  16 humans
  8 water elementals
  12 wyverns
  43 yaks
  6 basilisks
  13 fire bats (Volcano)
  3 hogs (Lair:6)
  3 hungry ghosts
  4 vampire mosquitoes (D:12)
  An elf simulacrum (Depths:1)
  A steam dragon (Volcano)
  A mottled dragon (D:14)
  A warg (Orc:1)
  22 water moccasins
  A hell hound (Volcano)
  11 porcupines
  34 orc warriors
  4 ice beasts
  3 sky beasts
  A hornet zombie (D:9)
  3 phantoms
  4 black bears
  18 ogres
  A boggart (Depths:2)
  2 eyes of draining
  4 necrophages
  27 centaurs
  12 wolves
  17 crocodiles
  6 big kobolds
  24 bullfrogs
  A big kobold (shapeshifter) (Depths:1)
  A wyvern zombie (D:11)
  A wyvern skeleton (D:11)
  A hornet simulacrum (D:14)
  5 scorpions
  13 killer bees
  2 howler monkeys
  13 wights
  7 crimson imps
  4 centaur zombies
  6 lava snakes (Volcano)
  2 quasits (D:12)
  A wyvern simulacrum (D:13)
  2 jellies
  3 bullfrog skeletons
  20 orc priests
  6 hounds
  24 orc wizards
  5 centaur skeletons
  An iguana (D:8)
  4 hell rats (Lair:6)
  11 worker ants
  4 big kobold zombies (Ossuary)
  A hound zombie (D:9)
  5 mummies
  19 adders
  2 gnolls
  5 river rats
  4 shadow imps
  An ooze (D:1)
  2 adder zombies
  An adder skeleton (D:7)
  A worm (D:5)
  A dart slug (D:1)
  5 leopard geckos
  83 orcs
  4 bats
  2 giant cockroaches (D:3)
  11 goblins
  2 hobgoblins
  10 jackals
  5 quokkas
  8 ball pythons
  5 frilled lizards
  A giant cockroach zombie (D:5)
  3 hobgoblin zombies (Ossuary)
  29 kobolds
  27 rats
  A fungus (D:15)
  A macabre mass (Depths:1)
  2 plants
  8 tentacles (Shoals:3)
1403 creatures vanquished.

Vanquished Creatures (others)
  A merfolk aquamancer (Shoals:4)
  An ugly thing (D:11)
  A yaktaur (Depths:1)
  A jumping spider (Spider:3)
  A human (Lair:6)
  A soldier ant (D:11)
  2 orc warriors (Orc:2)
  An orc wizard (Orc:1)
  An adder (D:11)
  An orc (Orc:1)
  10 fungi
  10 plants
  14 tentacles
45 creatures vanquished.

Grand Total: 1448 creatures vanquished

Notes
Turn   | Place    | Note
-------+----------+-------------------------------------------
     0 | D:1      | Grim the Minotaur Fighter began the quest for the Orb.
     0 | D:1      | Reached XP level 1. HP: 19/19 MP: 0/0
    75 | D:1      | Reached skill level 3 in Long Blades
    75 | D:1      | Reached XP level 2. HP: 21/26 MP: 1/1
   418 | D:1      | Reached skill level 4 in Long Blades
   706 | D:1      | Reached XP level 3. HP: 31/31 MP: 2/2
  1356 | D:2      | Reached skill level 5 in Long Blades
  1598 | D:3      | Found a sparkling altar of Nemelex Xobeh.
  1598 | D:3      | Found an opulent altar of Gozag.
  1625 | D:3      | Found a glowing drain.
  1653 | Sewer    | Entered a sewer
  1677 | Sewer    | Reached XP level 4. HP: 36/39 MP: 3/3
  1729 | Sewer    | Noticed a big kobold
  1735 | Sewer    | Killed a big kobold
  1735 | Sewer    | Reached skill level 6 in Long Blades
  1735 | Sewer    | Reached XP level 5. HP: 45/45 MP: 4/4
  1806 | Sewer    | Reached skill level 7 in Long Blades
  2275 | Sewer    | Reached XP level 6. HP: 46/51 MP: 5/5
  2567 | Sewer    | Reached skill level 8 in Long Blades
  2787 | D:3      | Found a stormy altar of Qazlal.
  3354 | D:3      | Found a burning altar of Makhleb.
  3354 | D:3      | Found a glowing golden altar of the Shining One.
  3503 | D:4      | Reached skill level 9 in Long Blades
  3503 | D:4      | Reached XP level 7. HP: 30/57 MP: 6/6
  4196 | D:4      | Reached skill level 10 in Long Blades
  4280 | D:4      | Found Cekyur's Assorted Antiques.
  4284 | D:4      | Bought a glittering glass ring for 155 gold pieces
  4284 | D:4      | Identified the ring of Recklessness {Dex+5 Stlth+} (You bought it in a shop on level 4 of the Dungeon)
  4468 | D:5      | Entered Level 5 of the Dungeon
  4699 | D:5      | Found a shimmering altar of Xom.
  4761 | D:5      | Reached skill level 11 in Long Blades
  4777 | D:5      | Noticed Prince Ribbit
  4787 | D:5      | Killed Prince Ribbit
  4787 | D:5      | Reached XP level 8. HP: 38/64 MP: 7/7
  5227 | D:6      | Reached skill level 12 in Long Blades
  5244 | D:6      | Noticed Grinder
  5262 | D:6      | Killed Grinder
  5306 | D:6      | Reached skill level 13 in Long Blades
  5398 | D:6      | Got a pair of crude boots
  5409 | D:6      | Identified the +1 pair of boots of Niawn {*Corrode Regen+ Int+7} (You found it on level 6 of the Dungeon)
  5546 | D:6      | Found a sand-covered staircase.
  5557 | Ossuary  | Entered an ossuary
  5783 | Ossuary  | Reached XP level 9. HP: 70/70 MP: 8/8
  5986 | D:6      | Found a staircase to the Ecumenical Temple.
  5996 | Temple   | Entered the Ecumenical Temple
  6109 | Temple   | Became a worshipper of Cheibriados the Contemplative
  6498 | D:6      | Reached skill level 14 in Long Blades
  6660 | D:6      | Reached skill level 1 in Invocations
  6744 | D:7      | Reached skill level 5 in Fighting
  6766 | D:7      | Reached * piety under Cheibriados
  7353 | D:7      | Found a radiant altar of Vehumet.
  7425 | D:7      | Found Situkipn's Magic Scroll Shop.
  7767 | D:8      | Reached ** piety under Cheibriados
  8173 | D:8      | Found Gudaikk's Book Shop.
  8194 | D:8      | Reached XP level 10. HP: 74/90 MP: 10/12
  8647 | D:9      | Reached *** piety under Cheibriados
  8878 | D:9      | Reached skill level 10 in Fighting
  8882 | D:9      | Reached skill level 5 in Invocations
  9026 | D:9      | Gained mutation: You have a pair of large horns on your head. [potion of beneficial mutation]
  9225 | D:10     | Entered Level 10 of the Dungeon
  9236 | D:10     | Noticed Joseph
  9382 | D:10     | Noticed Maurice
  9386 | D:9      | Reached **** piety under Cheibriados
  9609 | D:10     | Killed Joseph
  9730 | D:10     | Found a staircase to the Lair.
  9737 | D:10     | Reached XP level 11. HP: 100/104 MP: 14/14
  9830 | D:10     | Noticed Erolcha
  9841 | D:10     | Killed Erolcha
  9922 | D:10     | Found a staircase to the Orcish Mines.
 10142 | D:11     | Noticed a hill giant
 10149 | D:11     | Killed a hill giant
 10160 | D:11     | Noticed a hill giant
 10168 | D:11     | Killed a hill giant
 10255 | D:11     | Reached ***** piety under Cheibriados
 10365 | D:11     | Killed a cyan ugly thing
 10597 | D:9      | Killed Maurice
 10772 | D:4      | Bought a pair of embroidered gloves for 325 gold pieces
 11345 | D:11     | Noticed a four-headed hydra
 11350 | D:11     | Killed a five-headed hydra
 11350 | D:11     | Reached skill level 5 in Armour
 11417 | D:11     | Noticed Gastronok
 11429 | D:11     | Killed Gastronok
 11429 | D:11     | Reached XP level 12. HP: 100/117 MP: 17/17
 11876 | D:12     | Reached ****** piety under Cheibriados
 11923 | D:12     | Found Xocoim's Antique Armour Emporium.
 11931 | D:12     | Noticed a five-headed hydra
 11935 | D:12     | Killed a five-headed hydra
 12139 | D:12     | Found a sparkling altar of Nemelex Xobeh.
 12437 | D:12     | Reached skill level 10 in Armour
 12494 | D:13     | Found a gate to the Vaults.
 12494 | D:13     | Noticed a centaur warrior
 12503 | D:12     | Reached skill level 1 in Dodging
 12531 | D:12     | Reached skill level 10 in Invocations
 12614 | D:13     | Reached skill level 5 in Dodging
 12619 | D:13     | Killed a centaur warrior
 12766 | D:13     | Found Bocluur's Food Emporium.
 12855 | D:13     | Noticed a centaur warrior
 12861 | D:13     | Killed a centaur warrior
 12861 | D:13     | Reached XP level 13. HP: 93/124 MP: 19/19
 13146 | D:13     | Found Huefexug's Magic Scroll Emporium.
 13325 | D:13     | Found Qatusu Qeogg's Book Shop.
 13904 | D:14     | Found Duup's Antique Armour Shoppe.
 14615 | D:15     | Entered Level 15 of the Dungeon
 14953 | D:15     | Noticed Josephine
 14960 | D:15     | Killed Josephine
 14960 | D:15     | Reached skill level 10 in Dodging
 15264 | D:15     | Found a staircase to the Depths.
 15394 | D:15     | Reached XP level 14. HP: 125/132 MP: 22/22
 15828 | Depths:1 | Entered Level 1 of the Depths
 15828 | Depths:1 | Found a gateway to Hell.
 15897 | Depths:1 | Noticed a green very ugly thing
 15908 | Depths:1 | Noticed a green very ugly thing
 15923 | Depths:1 | Noticed a stone giant
 15933 | D:15     | Killed a purple very ugly thing
 15934 | D:15     | Killed a white very ugly thing
 16062 | Depths:1 | Killed a stone giant
 16094 | Depths:1 | Noticed Aizul
 16094 | Depths:1 | Noticed a golden dragon
 16236 | D:15     | Killed Aizul
 16302 | D:15     | Killed a golden dragon
 16416 | Depths:1 | Noticed a lich
 16419 | Depths:1 | Killed a lich
 16456 | Depths:1 | Found Reanapn's Antique Weapon Shoppe.
 16519 | Depths:1 | Reached XP level 15. HP: 125/138 MP: 24/24
 16542 | Depths:1 | Reached skill level 15 in Dodging
 16656 | Depths:1 | Noticed a frost giant
 16663 | Depths:1 | Killed a frost giant
 16752 | Depths:1 | Noticed a frost giant
 16759 | Depths:1 | Killed a frost giant
 16826 | Depths:1 | Noticed a bone dragon
 17169 | Lair:1   | Entered Level 1 of the Lair of Beasts
 17179 | Lair:1   | Noticed Harold
 17190 | Lair:1   | Killed Harold
 17863 | Lair:2   | Noticed Nergalle
 17872 | Lair:2   | Killed Nergalle
 18294 | Lair:2   | Noticed Leibowitz's ghost (journeyman KoBe)
 18300 | Lair:2   | Killed Leibowitz's ghost
 18787 | Lair:3   | Found a staircase to the Shoals.
 18907 | Lair:3   | Found a hole to the Spider Nest.
 19317 | Lair:4   | Found a dark tunnel.
 19322 | Volcano  | Entered a volcano
 19440 | Volcano  | Found a bloodstained altar of Trog.
 20222 | Lair:5   | Reached XP level 16. HP: 146/146 MP: 26/26
 20333 | Lair:5   | Found a staircase to the Slime Pits.
 21283 | Lair:6   | Entered Level 6 of the Lair of Beasts
 21323 | Lair:6   | Reached skill level 15 in Invocations
 21660 | Lair:6   | Noticed Kirke
 21665 | Lair:6   | Killed Kirke
 21665 | Lair:6   | Reached skill level 15 in Armour
 21858 | Lair:6   | Learned a level 2 spell: Repel Missiles
 22167 | Lair:6   | Identified the Catalogue of Attacks
 22507 | Orc:1    | Entered Level 1 of the Orcish Mines
 22585 | Orc:1    | Found a roughly hewn altar of Beogh.
 22682 | Orc:2    | Entered Level 2 of the Orcish Mines
 22686 | Orc:2    | Noticed Snorg
 22693 | Orc:2    | Killed Snorg
 22711 | Orc:2    | Reached skill level 15 in Long Blades
 22891 | Orc:2    | Found an iron altar of Okawaru.
 23155 | Orc:2    | Found Uwniecw's Distillery.
 23155 | Orc:2    | Found Qiotue's Weapon Emporium.
 23157 | Orc:2    | Found Qeeh's Weapon Shoppe.
 23159 | Orc:2    | Found Oteaniox's Antique Armour Boutique.
 23193 | Orc:2    | Found a staircase to the Elven Halls.
 23468 | Spider:1 | Entered Level 1 of the Spider Nest
 23537 | Spider:1 | Identified a scroll of acquirement
 24112 | Spider:1 | Reached XP level 17. HP: 152/152 MP: 28/28
 24498 | Spider:2 | Reached skill level 16 in Long Blades
 25217 | Spider:3 | Noticed octopushugs's ghost (journeyman MiFi)
 25221 | Spider:3 | Reached skill level 17 in Long Blades
 25231 | Spider:3 | Killed octopushugs's ghost
 25700 | Spider:4 | Entered Level 4 of the Spider Nest
 25799 | Spider:4 | Noticed vogonpoet's ghost (adept OgHu)
 25819 | Spider:4 | Killed vogonpoet's ghost
 25955 | Spider:4 | Reached skill level 18 in Long Blades
 26368 | Spider:4 | Reached XP level 18. HP: 129/160 MP: 17/29
 26488 | Spider:4 | Got a gossamer rune of Zot
 26650 | Spider:4 | Reached skill level 19 in Long Blades
 26936 | Shoals:1 | Entered Level 1 of the Shoals
 28038 | Shoals:2 | Reached skill level 20 in Long Blades
 28746 | Shoals:3 | Noticed Donald
 28749 | Shoals:3 | Killed Donald
 29142 | Shoals:3 | Reached skill level 15 in Fighting
 29615 | Shoals:4 | Entered Level 4 of the Shoals
 29617 | Shoals:4 | Noticed Ilsuiw
 29631 | Shoals:4 | Noticed AAAAA's ghost (adept OpWr)
 29669 | Shoals:4 | Killed Ilsuiw
 29741 | Shoals:4 | Reached XP level 19. HP: 172/172 MP: 31/31
 29882 | Shoals:4 | Killed AAAAA's ghost
 30286 | Shoals:4 | Identified Kitoriv's Disquisition on Floating Beguiling
 30585 | Shoals:4 | HP: 2/174 [water nymph/the raging water (13)]
 30854 | Shoals:4 | Got a barnacled rune of Zot
 31260 | D:15     | Killed a bone dragon
 31643 | Depths:1 | Identified the Grimoire of Darkness
 32031 | Depths:2 | Paralysed by a sphinx for 2 turns
 32061 | Depths:2 | Paralysed by a sphinx for 6 turns
 32066 | Depths:2 | HP: 6/181 [ettin/great mace (21)]
 32067 | Depths:2 | Slain by a sphinx

Skill      XL: |  1  2  3  4  5  6  7  8  9 10 11 12 13 14 15 16 17 18 19 |
---------------+----------------------------------------------------------+-----
Long Blades    | 3 4 5 6 7 9 11 13 14 15 18 20 | 20.0
Fighting       | 8 12 14 16 18 | 18.8
Invocations    | 4 6 8 10 12 13 14 16 17 18 | 18.9
Armour         | 7 10 13 15 | 15.4
Dodging        | 6 11 14 15 | 15.6
Shields        | |  3.6

Action                   |  1- 3 |  4- 6 |  7- 9 | 10-12 | 13-15 | 16-18 | 19-21 || total
-------------------------+-------+-------+-------+-------+-------+-------+-------++-------
Melee: Long sword        |    81 |   126 |   357 |   389 |       |       |       ||   953
       Headbutt          |    11 |    20 |   114 |   211 |   312 |   438 |   197 ||  1303
       Great sword       |       |       |       |    65 |   215 |   910 |   401 ||  1591
       Scimitar          |       |       |       |       |   333 |       |       ||   333
Throw: Throwing net      |       |       |       |       |       |    13 |     2 ||    15
       Tomahawk          |       |       |       |       |       |       |    26 ||    26
Invok: Slouch            |       |       |       |     4 |     5 |    19 |     6 ||    34
       Temporal Distorti |       |       |       |       |       |     1 |     2 ||     3
Evoke: Wand              |       |       |       |     4 |       |       |       ||     4
  Use: Scroll            |       |     4 |     7 |     6 |    21 |    25 |     6 ||    69
       Potion            |       |       |     2 |     6 |     5 |     6 |    10 ||    29
 Stab: Distracted        |       |       |       |       |     1 |       |       ||     1
       Held in net/web   |       |       |       |       |       |     4 |       ||     4
  Eat: Chunk             |     2 |     6 |     9 |    14 |     6 |    14 |     3 ||    54
       Bread ration      |       |       |     1 |       |     2 |     2 |     1 ||     6
       Royal jelly       |       |       |       |       |       |       |     1 ||     1
Armor: Scale mail        |    55 |    62 |    15 |       |       |       |       ||   132
       Chain mail        |       |       |   119 |       |       |       |       ||   119
       Plate armour      |       |       |    43 |   340 |   156 |       |       ||   539
       Gold dragon scale |       |       |       |       |   144 |   677 |   328 ||  1149
Dodge: Dodged            |    44 |    73 |   115 |   196 |   722 |  1677 |   448 ||  3275
       Rpst.: Long sword |    15 |    16 |    34 |    38 |       |       |       ||   103
       Great sword       |       |       |       |    14 |    56 |   295 |    59 ||   424
       Scimitar          |       |       |       |       |    99 |       |       ||    99
